TOP OF THE 1ST |
Chicago White Sox batting - Pitching for Cleveland Indians : RHP Noah Syndergaard
|
Pitching: RHP Noah Syndergaard
|
|
Batting: RHB Drew Jackson
|
0-0: Called Strike 0-1: Swinging Strike 0-2: Ball 1-2: SINGLE (Flyball, 9S, EV 92.5 MPH)
|
Batting: LHB Michael Brantley
|
0-0: Ball 1-0: Grounds into double play, 4-6-3 (Groundball, 4, EV 88.1 MPH)
|
Batting: RHB Justin Turner
|
0-0: Ground out 1-3 (Groundball, 13, EV 82.5 MPH)
|
Top of the 1st over - 0 runs, 1 hit, 0 errors, 0 left on base; Chicago 0 - Cleveland 0 |
BOTTOM OF THE 1ST |
Cleveland Indians batting - Pitching for Chicago White Sox : RHP Chris Flexen
|
Pitching: RHP Chris Flexen
|
|
Batting: LHB Matt Carpenter
|
0-0: Ball 1-0: Ball 2-0: Fly out, F8 (Flyball, 8LD, EV 103.8 MPH)
|
Batting: RHB J.D. Martinez
|
0-0: Ball 1-0: Ball 2-0: Called Strike 2-1: SOLO HOME RUN (Line Drive, 7D, EV 101.9 MPH), Distance : 371 ft
|
Batting: SHB Marwin Gonzalez
|
0-0: Ball 1-0: Ball 2-0: Ball 3-0: Base on Balls
|
Batting: RHB Mitch Garver
|
0-0: Ball 1-0: SINGLE (Line Drive, 89M, EV 105.6 MPH) Marwin Gonzalez to second
|
Batting: LHB Stephen Vogt
|
0-0: Called Strike 0-1: Ball Wild Pitch! Marwin Gonzalez to third Mitch Garver to second 1-1: Foul Ball, location: 2F 1-2: Ball 2-2: Foul Ball, location: 2F 2-2: Strikes out swinging
|
Batting: RHB Matt Chapman
|
0-0: Called Strike 0-1: Foul Ball, location: 2F 0-2: Fly out, F9 (Flyball, 9S, EV 86.9 MPH)
|
Bottom of the 1st over - 1 run, 2 hits, 0 errors, 2 left on base; Chicago 0 - Cleveland 1 |
TOP OF THE 2ND |
Chicago White Sox batting - Pitching for Cleveland Indians : RHP Noah Syndergaard
|
Batting: LHB Corey Seager
|
0-0: Ball 1-0: Called Strike 1-1: Ball 2-1: SINGLE (Line Drive, 7S, EV 91.9 MPH)
|
Batting: LHB Brandon Belt
|
0-0: Ball Corey Seager steals 2nd base 1-0: Called Strike 1-1: Called Strike 1-2: Foul Ball, location: 2F 1-2: SINGLE (Line Drive, 7S, EV 98.8 MPH) Corey Seager to third
|
Batting: SHB Melky Cabrera
|
0-0: Fly out, F5 (Popup, 56S, EV 63.8 MPH)
|
Batting: RHB Jose Trevino
|
0-0: Ball 1-0: Ball 2-0: Called Strike Brandon Belt is caught stealing 2nd base 2-4 2-1: Fly out, F8 (Flyball, 8LS, EV 96.3 MPH)
|
Top of the 2nd over - 0 runs, 2 hits, 0 errors, 1 left on base; Chicago 0 - Cleveland 1 |
BOTTOM OF THE 2ND |
Cleveland Indians batting - Pitching for Chicago White Sox : RHP Chris Flexen
|
Batting: RHB Steven Souza Jr.
|
0-0: Ball 1-0: Ball 2-0: Ball 3-0: Foul Ball, location: 2F 3-1: Called Strike 3-2: Strikes out swinging
|
Batting: RHB Marcus Semien
|
0-0: Ball 1-0: Ball 2-0: Ball 3-0: Called Strike 3-1: Foul Ball, location: 2F 3-2: Fly out, F3 (Popup, 3L, EV 71.9 MPH)
|
Batting: RHB Tim Locastro
|
0-0: Ball 1-0: Ball 2-0: Fly out, F7 (Flyball, 7LM, EV 95.0 MPH)
|
Bottom of the 2nd over - 0 runs, 0 hits, 0 errors, 0 left on base; Chicago 0 - Cleveland 1 |
TOP OF THE 3RD |
Chicago White Sox batting - Pitching for Cleveland Indians : RHP Noah Syndergaard
|
Batting: LHB Andrew Toles
|
0-0: Ball 1-0: SINGLE (Line Drive, 4MD, EV 97.5 MPH)
|
Batting: LHB Marco Hernandez
|
0-0: Ball Andrew Toles steals 2nd base 1-0: Foul Ball, location: 2F 1-1: Foul Ball, location: 2F 1-2: Ball 2-2: Strikes out swinging
|
Batting: RHB Drew Jackson
|
0-0: Ball 1-0: Ball 2-0: SINGLE (Line Drive, 78M, EV 99.4 MPH) Andrew Toles to third
|
Batting: LHB Michael Brantley
|
0-0: Fielders Choice at 2nd, 4-6 (Groundball, 34, EV 85.6 MPH) Andrew Toles scores
|
Batting: RHB Justin Turner
|
0-0: SINGLE (Groundball, 34D, EV 97.5 MPH) Michael Brantley to second Runner from 2nd tries for 3rd, SAFE, throw by RF made to third
|
Batting: LHB Corey Seager
|
0-0: Ball 1-0: Called Strike 1-1: Ball 2-1: Called Strike 2-2: Ball 3-2: Base on Balls Justin Turner to second
|
Batting: LHB Brandon Belt
|
0-0: Ball 1-0: Called Strike 1-1: Swinging Strike 1-2: Strikes out swinging
|
Top of the 3rd over - 1 run, 3 hits, 0 errors, 3 left on base; Chicago 1 - Cleveland 1 |
BOTTOM OF THE 3RD |
Cleveland Indians batting - Pitching for Chicago White Sox : RHP Chris Flexen
|
Batting: LHB Matt Carpenter
|
0-0: Called Strike 0-1: Ball 1-1: Ball 2-1: Ball 3-1: Called Strike 3-2: Strikes out swinging
|
Batting: RHB J.D. Martinez
|
0-0: Foul Ball, location: 2F 0-1: Ball 1-1: Ball 2-1: Ball 3-1: SINGLE (Groundball, 4MD, EV 108.8 MPH)
|
Batting: SHB Marwin Gonzalez
|
0-0: Fielders Choice at 2nd, 3-6 (Groundball, 3, EV 110.0 MPH)
|
Batting: RHB Mitch Garver
|
0-0: Swinging Strike 0-1: Ground out 4-3 (Groundball, 34, EV 92.5 MPH)
|
Bottom of the 3rd over - 0 runs, 1 hit, 0 errors, 1 left on base; Chicago 1 - Cleveland 1 |
TOP OF THE 4TH |
Chicago White Sox batting - Pitching for Cleveland Indians : RHP Noah Syndergaard
|
Batting: SHB Melky Cabrera
|
0-0: Ball 1-0: Ball 2-0: Swinging Strike 2-1: Called Strike 2-2: SINGLE (Line Drive, 56D, EV 94.4 MPH)
|
Batting: RHB Jose Trevino
|
0-0: Called Strike 0-1: SINGLE (Line Drive, 4MD, EV 95.0 MPH) Melky Cabrera to second
|
Batting: LHB Andrew Toles
|
0-0: Ball 1-0: Foul Ball, location: 2F 1-1: Called Strike 1-2: Ball 2-2: Ball 3-2: Strikes out swinging
|
Batting: LHB Marco Hernandez
|
0-0: SINGLE (Line Drive, 8LS, EV 91.3 MPH) Melky Cabrera to third Jose Trevino to second
|
Batting: RHB Drew Jackson
|
0-0: Ball 1-0: Ball 2-0: Ball 3-0: Base on Balls Melky Cabrera scores Jose Trevino to third Marco Hernandez to second
|
Batting: LHB Michael Brantley
|
0-0: Ball 1-0: Swinging Strike 1-1: Foul Ball, location: 2F 1-2: Strikes out swinging
|
Batting: RHB Justin Turner
|
0-0: Foul Ball, location: 2F 0-1: DOUBLE (Line Drive, 78XD, EV 96.9 MPH) Jose Trevino scores Marco Hernandez scores Drew Jackson to third
|
Batting: LHB Corey Seager
|
0-0: Fly out, F8 (Flyball, 8LM, EV 91.3 MPH)
|
Top of the 4th over - 3 runs, 4 hits, 0 errors, 2 left on base; Chicago 4 - Cleveland 1 |
BOTTOM OF THE 4TH |
Cleveland Indians batting - Pitching for Chicago White Sox : RHP Chris Flexen
|
Batting: LHB Stephen Vogt
|
0-0: Ball 1-0: Ball 2-0: Foul Ball, location: 2F 2-1: Foul Ball, location: 2F 2-2: Ball 3-2: Base on Balls
|
Batting: RHB Matt Chapman
|
0-0: Ball 1-0: Called Strike 1-1: Called Strike 1-2: Ball 2-2: Foul Ball, location: 2F 2-2: Fielders Choice at 2nd, 6-4 (Groundball, 6, EV 80.0 MPH)
|
Batting: RHB Steven Souza Jr.
|
0-0: Ball 1-0: Foul Ball, location: 2F 1-1: Swinging Strike 1-2: Ball 2-2: Strikes out looking
|
Batting: RHB Marcus Semien
|
0-0: Called Strike 0-1: Ground out 4-3 (Groundball, 4MS, EV 61.9 MPH)
|
Bottom of the 4th over - 0 runs, 0 hits, 0 errors, 1 left on base; Chicago 4 - Cleveland 1 |
TOP OF THE 5TH |
Chicago White Sox batting - Pitching for Cleveland Indians : RHP Noah Syndergaard
|
Batting: LHB Brandon Belt
|
0-0: Ball 1-0: Foul Ball, location: 2F 1-1: Swinging Strike 1-2: Foul Ball, location: 2F 1-2: Strikes out swinging
|
Batting: SHB Melky Cabrera
|
0-0: Ground out 5-3 (Groundball, 56, EV 85.6 MPH)
|
Batting: RHB Jose Trevino
|
0-0: Fly out, F9 (Flyball, 9, EV 88.1 MPH)
|
Top of the 5th over - 0 runs, 0 hits, 0 errors, 0 left on base; Chicago 4 - Cleveland 1 |
BOTTOM OF THE 5TH |
Cleveland Indians batting - Pitching for Chicago White Sox : RHP Chris Flexen
|
Batting: RHB Tim Locastro
|
0-0: Called Strike 0-1: Bunt for hit to P - play at first, batter OUT! 1-3
|
Batting: LHB Matt Carpenter
|
0-0: Called Strike 0-1: Ball 1-1: Foul Ball, location: 2F 1-2: DOUBLE (Groundball, 3L, EV 108.8 MPH)
|
Pinch Runner at 2nd Adam Frazier:
|
|
Batting: RHB J.D. Martinez
|
0-0: Ball 1-0: Fly out, F8 (Flyball, 89S, EV 86.9 MPH)
|
Batting: SHB Marwin Gonzalez
|
0-0: Ball 1-0: Ball 2-0: Fly out, F8 (Flyball, 8RM, EV 90.0 MPH)
|
Bottom of the 5th over - 0 runs, 1 hit, 0 errors, 1 left on base; Chicago 4 - Cleveland 1 |
TOP OF THE 6TH |
Chicago White Sox batting - Pitching for Cleveland Indians : RHP Noah Syndergaard
|
Now at 1B: Jung-ho Kang
|
|
Batting: LHB Andrew Toles
|
0-0: Swinging Strike 0-1: Ball 1-1: DOUBLE (Line Drive, 89D, EV 113.1 MPH)
|
Batting: LHB Marco Hernandez
|
0-0: Called Strike 0-1: Ball 1-1: Ball 2-1: Ball 3-1: Foul Ball, location: 2F 3-2: SINGLE (Groundball, 56D, EV 108.8 MPH) Andrew Toles to third Runner from 3rd tries for Home, SAFE, throw by LF to home
|
Pitching: RHP Simon Castro
|
|
Batting: RHB Drew Jackson
|
0-0: Ball 1-0: Ball 2-0: Called Strike 2-1: Foul Ball, location: 2F 2-2: Strikes out swinging
|
Batting: LHB Michael Brantley
|
0-0: Ball 1-0: Foul Ball, location: 2F 1-1: Called Strike 1-2: Foul Ball, location: 2F 1-2: Strikes out swinging
|
Batting: RHB Justin Turner
|
0-0: Fly out, F8 (Flyball, 8RXD, EV 96.3 MPH)
|
Top of the 6th over - 1 run, 2 hits, 0 errors, 1 left on base; Chicago 5 - Cleveland 1 |
BOTTOM OF THE 6TH |
Cleveland Indians batting - Pitching for Chicago White Sox : RHP Chris Flexen
|
Batting: RHB Mitch Garver
|
0-0: Foul Ball, location: 2F 0-1: Swinging Strike 0-2: Fly out, F6 (Line Drive, 6, EV 63.1 MPH)
|
Batting: LHB Stephen Vogt
|
0-0: Called Strike 0-1: Ball 1-1: DOUBLE (Line Drive, 9LS, EV 102.5 MPH)
|
Batting: RHB Matt Chapman
|
0-0: Ball 1-0: Ball 2-0: Foul Ball, location: 2F 2-1: Ball 3-1: Foul Ball, location: 2F 3-2: SINGLE (Groundball, 4MD, EV 105.0 MPH) Stephen Vogt to third Runner from 3rd tries for Home, throw by CF and OUT! 8-2
|
Batting: RHB Steven Souza Jr.
|
0-0: Ball 1-0: SINGLE (Groundball, 6, EV 106.3 MPH) (infield hit) Matt Chapman to second
|
Batting: RHB Marcus Semien
|
0-0: Fielders Choice at 2nd, 6-4 (Groundball, 6, EV 97.5 MPH)
|
Bottom of the 6th over - 0 runs, 3 hits, 0 errors, 2 left on base; Chicago 5 - Cleveland 1 |
TOP OF THE 7TH |
Chicago White Sox batting - Pitching for Cleveland Indians : RHP Simon Castro
|
Pitching: RHP Hector Rondon
|
|
Batting: LHB Corey Seager
|
0-0: Swinging Strike 0-1: Fly out, F7 (Flyball, 7S, EV 86.3 MPH)
|
Batting: LHB Brandon Belt
|
0-0: Ball 1-0: Foul Ball, location: 2F 1-1: Foul Ball, location: 2F 1-2: Strikes out swinging
|
Batting: SHB Melky Cabrera
|
0-0: Ground out 5-3 (Groundball, 5, EV 108.1 MPH)
|
Top of the 7th over - 0 runs, 0 hits, 0 errors, 0 left on base; Chicago 5 - Cleveland 1 |
BOTTOM OF THE 7TH |
Cleveland Indians batting - Pitching for Chicago White Sox : RHP Chris Flexen
|
Pitching: LHP Brian Clark
|
|
Batting: RHB Tim Locastro
|
0-0: Called Strike 0-1: Ball 1-1: Foul Ball, location: 2F 1-2: Foul Ball, location: 2F 1-2: Strikes out swinging
|
Batting: RHB Jung-ho Kang
|
0-0: Ball 1-0: Foul Ball, location: 2F 1-1: Ball 2-1: Swinging Strike 2-2: Strikes out looking
|
Batting: RHB J.D. Martinez
|
0-0: Ball 1-0: Swinging Strike 1-1: TRIPLE (Flyball, 89XD, EV 111.9 MPH)
|
Batting: SHB Marwin Gonzalez
|
0-0: Ball 1-0: Fly out, F7 (Flyball, 7LS, EV 86.3 MPH)
|
Bottom of the 7th over - 0 runs, 1 hit, 0 errors, 1 left on base; Chicago 5 - Cleveland 1 |
TOP OF THE 8TH |
Chicago White Sox batting - Pitching for Cleveland Indians : RHP Hector Rondon
|
Batting: RHB Jose Trevino
|
0-0: Called Strike 0-1: Ball 1-1: Ball 2-1: Foul Ball, location: 2F 2-2: Strikes out looking
|
Batting: LHB Andrew Toles
|
0-0: Called Strike 0-1: Called Strike 0-2: Strikes out swinging
|
Batting: LHB Marco Hernandez
|
0-0: Ground out 6-3 (Groundball, 4MS, EV 65.6 MPH)
|
Top of the 8th over - 0 runs, 0 hits, 0 errors, 0 left on base; Chicago 5 - Cleveland 1 |
BOTTOM OF THE 8TH |
Cleveland Indians batting - Pitching for Chicago White Sox : LHP Brian Clark
|
Pitching: LHP Blake Weiman
|
|
Batting: RHB Mitch Garver
|
0-0: Ball 1-0: Ball 2-0: Foul Ball, location: 2F 2-1: Called Strike 2-2: Strikes out swinging
|
Batting: LHB Stephen Vogt
|
0-0: Ball 1-0: Foul Ball, location: 2F 1-1: Foul Ball, location: 2F 1-2: Fly out, F2 (Popup, 2LF, EV 90.6 MPH)
|
Batting: RHB Matt Chapman
|
0-0: Ball 1-0: Fly out, F8 (Flyball, 8LM, EV 90.0 MPH)
|
Bottom of the 8th over - 0 runs, 0 hits, 0 errors, 0 left on base; Chicago 5 - Cleveland 1 |
TOP OF THE 9TH |
Chicago White Sox batting - Pitching for Cleveland Indians : RHP Hector Rondon
|
Pitching: RHP Yoan Lopez
|
|
Batting: RHB Drew Jackson
|
0-0: Called Strike 0-1: Foul Ball, location: 2F 0-2: Foul Ball, location: 2F 0-2: Ball 1-2: Strikes out swinging
|
Batting: LHB Michael Brantley
|
0-0: Ball 1-0: Fly out, F7 (Flyball, 78M, EV 92.5 MPH)
|
Batting: RHB Justin Turner
|
0-0: Called Strike 0-1: Swinging Strike 0-2: Foul Ball, location: 2F 0-2: Foul Ball, location: 2F 0-2: Foul Ball, location: 2F 0-2: Strikes out swinging
|
Top of the 9th over - 0 runs, 0 hits, 0 errors, 0 left on base; Chicago 5 - Cleveland 1 |
BOTTOM OF THE 9TH |
Cleveland Indians batting - Pitching for Chicago White Sox : LHP Blake Weiman
|
Batting: RHB Steven Souza Jr.
|
0-0: Ball 1-0: Called Strike 1-1: Ball 2-1: Ball 3-1: Base on Balls
|
Batting: RHB Marcus Semien
|
0-0: Ball 1-0: Swinging Strike 1-1: Foul Ball, location: 2F 1-2: Strikes out swinging
|
Batting: RHB Tim Locastro
|
0-0: Called Strike 0-1: Called Strike 0-2: Foul Ball, location: 2F 0-2: Strikes out swinging
|
Batting: RHB Jung-ho Kang
|
0-0: Ball 1-0: Ball 2-0: SINGLE (Groundball, 5D, EV 101.3 MPH) Steven Souza Jr. to second
|
Batting: RHB J.D. Martinez
|
0-0: Ball 1-0: Swinging Strike 1-1: Ball 2-1: Foul Ball, location: 2F 2-2: Foul Ball, location: 2F 2-2: Strikes out looking
|
Bottom of the 9th over - 0 runs, 1 hit, 0 errors, 2 left on base; Chicago 5 - Cleveland 1 |
|